 Dungeon Crawl Stone Soup version 0.28.0-45-g0d030f2227 (webtiles) character file.

Game seed: 3123394250188520574

30 101zpm the Magician (level 3, -6/25 HPs)
             Began as a Djinni Ice Elementalist on Apr 11, 2022.
             Mangled by a gnoll
             ... wielding a +0 spear
              (8 damage)
             ... on level 2 of the Dungeon.
             The game lasted 00:02:22 (1064 turns).

101zpm the Magician (Djinni Ice Elementalist)       Turns: 1064, Time: 00:02:25

Health: -6/25      AC:  2    Str:  7    XL:     3   Next: 35%
Gold:   39         EV: 12    Int: 18    God:
                   SH:  0    Dex: 13

rFire   + + .      SeeInvis .   (no weapon)
rCold   x . .      Faith    .   (no shield)
rNeg    . . .      Spirit   .   a - +0 robe
rPois   ∞          Reflect  .   (no helmet)
rElec   .          Harm     .   (no cloak)
rCorr   .          Rampage  .   (no gloves)
Will    .....                   (boots unavailable)
Stlth   ++........              (no amulet)
HPRegen 0.08/turn               e - ring of wizardry
MPRegen 0.00/turn               (no ring)

@: freezing walls, flying
A: sickness immunity, fire resistance 2, cold vulnerability 1, float, innate
caster, HP casting, extra vitality 1
a: no special abilities


You were on level 2 of the Dungeon.
You visited 1 branch of the dungeon, and saw 2 of its levels.

You collected 39 gold pieces.

Inventory:

Armour
 a - a +0 robe (worn)
Jewellery
 e - a ring of wizardry (left hand)
 f - an amulet of the acrobat
Scrolls
 c - 2 scrolls of identify {unknown}
 d - a scroll of teleportation {unknown}
Potions
 b - 2 potions of invisibility {unknown}


   Skills:
 + Level 2.2 Dodging
 + Level 1.9 Stealth
 + Level 3.9 Spellcasting


You couldn't memorise any spells.
You knew the following spells:

 Your Spells              Type           Power      Damage    Failure   Level
a - Freeze                Ice            68%        1d8       1%          1
b - Frozen Ramparts       Ice            34%        1d5       3%          3
c - Ozocubu's Armour      Ice            17%        N/A       3%          3
d - Hailstorm             Conj/Ice       17%        3d6       12%         4
e - Foxfire               Conj/Fire      68%        2x1d7     1%          1
Your spell library was empty.

Dungeon Overview and Level Annotations

Branches:
Dungeon (2/15)

Altars:

Annotations:
D:1 1 runed translucent door


Innate Abilities, Weirdness & Mutations

You are immune to sickness and miasma.
You are immune to poison.
Your flesh is very heat resistant. (rF++)
You are vulnerable to cold. (rC-)
You float through the air rather than walking.
You learn spells naturally, not from books.
Your magical power is your life essence.
You have superior vitality. (+4 MHP)


Message History

A gnoll comes into view. It is wielding a +0 halberd.
A gnoll is nearby!
A gnoll is nearby!
The gnoll shouts!
A gnoll comes into view. It is wielding a +0 spear.
Casting: Freeze (safe; 1% risk of failure)
Confirm with . or Enter, or press ? or * to list all spells.
The spell is quite dangerous to miscast (4% risk of failure)!
Continue anyway?
Casting: Frozen Ramparts (quite dangerous; 4% risk of failure)
Press: ? - help, Dir - look around, f - activate The walls around you are covered in ice.
The gnoll shouts!
A gnoll comes into view. It is wielding a +0 spear.
The wall freezes the gnoll.
The gnoll misses you.
The gnoll shouts!
The wall freezes the gnoll.
The gnoll closely misses you.
The wall freezes the gnoll.
The gnoll hits you from afar with a +0 halberd!
The wall freezes the gnoll.
The gnoll hits you from afar with a +0 spear.
The wall freezes the gnoll.
The gnoll closely misses you.
A gnoll comes into view. It is wielding a +0 halberd.
The wall freezes the gnoll.
The gnoll closely misses you.
The wall freezes the gnoll.
You kill the gnoll!
The frozen ramparts melt away.
The gnoll hits you from afar with a +0 spear.
* * * LOW HITPOINT WARNING * * *
The gnoll closely misses you.
Casting: Frozen Ramparts (quite dangerous; 3% risk of failure)
Confirm with . or Enter, or press ? or * to list all spells.
The spell is quite dangerous to miscast (3% risk of failure)!
Continue anyway?
Casting: Frozen Ramparts (quite dangerous; 3% risk of failure)
Press: ? - help, Dir - look around, f - activate The walls around you are covered in ice.
The gnoll shouts!
* * * LOW HITPOINT WARNING * * *
The wall freezes the gnoll.
The gnoll hits you from afar with a +0 spear!
You die...

#.# #.# #####.#####
#.######
.....#....###.#....##
#####.###............
#.#######)#.##.##
#...........#
#########.....### #
....>.....###.####)#####
######### #...@.g...g.
######g..... #####


You could see 3 gnolls.

Vanquished Creatures
  A gnoll (D:2)
  3 bats (D:1)
  2 endoplasms (D:1)
  3 goblins
  A hobgoblin (D:1)
  3 jackals (D:1)
  A quokka (D:2)
  2 ball pythons (D:1)
  A frilled lizard (D:1)
  A kobold (D:1)
18 creatures vanquished.

Notes
Turn   | Place    | Note
-------+----------+-------------------------------------------
     0 | D:1      | 101zpm the Djinni Ice Elementalist began the quest for the
                  | Orb.
     0 | D:1      | Reached XP level 1. HP: 15/15 MP: 0/0
   225 | D:1      | Reached XP level 2. HP: 18/21 MP: 0/0
   503 | D:1      | Found a faded altar of an unknown god.
   649 | D:1      | Found a runed translucent door.
  1037 | D:2      | Reached XP level 3. HP: 24/25 MP: 0/0
  1037 | D:2      | Learned a level 1 spell: Foxfire
  1064 | D:2      | Mangled by a gnoll

Illustrated notes

Levels and vault maps discovered:
D:1:      dpeg_arrival_caged_fury, layout_loops_ring,
          shapermc_ecumenical_altar_venn, serial_park_tiny_1,
          minmay_misc_feat_columns, minmay_misc_feat_chi
D:2:      layout_loops_ring

Action                   || total
-------------------------++-------
Melee: Unarmed           ||     2
 Cast: Freeze            ||    27
       Frozen Ramparts   ||     2
Armor: Robe              ||     2
Dodge: Dodged            ||    22
